 Dungeon Crawl Stone Soup version 0.30.1 (webtiles) character file.

Game seed: 18103320612346009951

17 boopmooplesden the Trooper (level 2, 0/27 HPs)
             Began as an Armataur Berserker on July 13, 2023.
             Was a Believer of Trog.
             Slain by an orc
             ... wielding a +0 whip
              (2 damage)
             ... on level 2 of the Dungeon.
             The game lasted 00:01:15 (619 turns).

boopmooplesden the Trooper (Armataur Berserker)      Turns: 619, Time: 00:01:16

Health: 0/27       AC:  4    Str: 22    XL:     2   Next: 44%
Magic:  2/2        EV:  9    Int:  7    God:    Trog [**....]
Gold:   146        SH:  0    Dex:  9    Spells: 1/1 levels left

rFire   . . .        a - +1 falchion
rCold   + . .        (no shield)
rNeg    . . .        b - +0 animal skin
rPois   .            (no helmet)
rElec   .            (no cloak)
rCorr   .            (no gloves)
SInv    +            (no barding)
Will    .....        (no amulet)
Stlth   +            f - ring of see invisible
HPRegen 0.24/turn    g - ring of protection from cold
MPRegen 0.08/turn

%: roll
@: no status effects
A: large, rugged brown scales 3, deformed body, armoured tail, roll, long
tongue, awkward tongue
a: Renounce Religion, Berserk, Trog's Hand


You were on level 2 of the Dungeon.
You worshipped Trog.
Trog was pleased with you.
You visited 1 branch of the dungeon, and saw 2 of its levels.

You collected 146 gold pieces.

Inventory:

Hand Weapons
 a - a +1 falchion (weapon)
Armour
 b - a +0 animal skin (worn)
Jewellery
 f - a ring of see invisible (left hand)
 g - a ring of protection from cold (right hand)
Scrolls
 i - a scroll of enchant weapon
Potions
 c - a potion of brilliance {unknown}
 d - 3 potions of curing {unknown}
 h - 2 potions of haste {unknown}


   Skills:
 + Level 3.0 Fighting
 + Level 3.0 Long Blades
 + Level 2.6 Armour
 + Level 1.5 Dodging


You had one spell level left.
You didn't know any spells.
Your spell library was empty.

Dungeon Overview and Level Annotations

Branches:
Dungeon (2/15)

Altars:


Innate Abilities, Weirdness & Mutations

You are completely covered in rugged brown scales. (AC +3, +7% HP)
Armour fits poorly on your strangely shaped body.
You have a long armoured tail.
You roll when moving toward enemies. (Rampage)
Your long tongue fully drains potion bottles. (2x potion effects)
Your tongue gives you trouble enunciating. (1.5x scroll delay)


Message History

The orc is heavily wounded.
You hit the frilled lizard.
You kill the frilled lizard!
Trog accepts your kill. The orc misses you.
Your Long Blades skill increases to level 3!
You barely miss the orc priest.
The orc priest calls upon Beogh to heal the orc.
The orc's wounds heal themselves!
The orc closely misses you.
You closely miss the orc priest.
Your tail-slap misses the orc priest.
The orc priest hits you with a +0 whip. The orc hits you with a +0 whip.
You hit the orc priest but do no damage.
The orc priest hits you with a +0 whip. The orc hits you with a +0 whip.
You hit the orc priest.
The orc priest is heavily wounded.
The orc priest hits you with a +0 whip. The orc hits you with a +0 whip.
* * * LOW HITPOINT WARNING * * *
You closely miss the orc priest.
The orc priest is heavily wounded.
The orc priest hits you with a +0 whip.
* * * LOW HITPOINT WARNING * * *
The orc closely misses you.
The orc priest hits you but does no damage.
The orc barely misses you.
You completely miss the orc priest.
Your tail-slap misses the orc priest.
The orc priest is heavily wounded.
The orc priest hits you but does no damage.
The orc barely misses you.
You hit the orc priest.
Your tail-slap misses the orc priest.
The orc priest is severely wounded.
The orc priest barely misses you. The orc closely misses you.
You hit the orc priest.
The orc priest is almost dead.
The orc priest closely misses you. The orc hits you but does no damage.
You closely miss the orc priest. You tail-slap the orc priest.
You kill the orc priest!
Trog accepts your kill.
You can now call upon Trog for regeneration and willpower.
The orc hits you with a +0 whip.
You die...

.... #.# ##### # .... #.# #
..... ##+## # ..... ##...##
# ...... ##.....## ####
......#####.......## ##.##
#.......#.........####...#
♣....oo........'.......
♣.....♣#.#@........####...#
..... oo.##..)....## #..##
....o..♣.###.....## #.###
....o....# ##...## #.# .
...... ♣.# ##+## #.##. .
.... #.# #.##. ... ..#
#.... ###


You could see 2 orcs.

Vanquished Creatures
  An orc priest (D:2)
  2 endoplasms (D:2)
  2 goblins (D:1)
  2 kobolds (D:1)
  A ball python (D:1)
  4 bats
  2 frilled lizards
  4 rats (D:1)
18 creatures vanquished.

Notes
Turn   | Place    | Note
-------+----------+-------------------------------------------
     0 | D:1      | boopmooplesden the Armataur Berserker began the quest for
                  | the Orb.
     0 | D:1      | Reached XP level 1. HP: 19/19 MP: 1/1
   272 | D:1      | Reached XP level 2. HP: 26/26 MP: 2/2
   615 | D:2      | HP: 1/27 [orc priest/+0 whip (6)]
   619 | D:2      | Reached ** piety under Trog
   619 | D:2      | Slain by an orc

Illustrated notes

Levels and vault maps discovered:
D:1:      minmay_arrival_three_doors, layout_rooms, minivault_11,
          chequers_serial_rivers_large_a, minmay_misc_feat_columns,
          kennysheep_doodads, minmay_pentomino_z4
D:2:      layout_loops_corners, serial_forest, infiniplex_forest_end_2,
          infiniplex_forest_end_1, infiniplex_forest_lined_room_,
          infiniplex_forest_end_2, infiniplex_forest_straight_4,
          infiniplex_forest_clump_long, infiniplex_forest_lined_ring,
          infiniplex_forest_split, infiniplex_forest_join

Skill      XL: |  1  2 |
---------------+-------+-----
Fighting       | 3 |  3.0
Long Blades    | 3 |  3.0
Armour         | |  2.6
Dodging        | |  1.5

Action                     || total
---------------------------++-------
  Melee: Falchion          ||    66
         Tailslap          ||     4
    Use: Scroll            ||     2
 Armour: Animal skin       ||    33
  Dodge: Dodged            ||    60
